 Dungeon Crawl Stone Soup version 0.29.1-2-gbd0b4ee654 (webtiles) character file.

Game seed: 10363590790522750050

39 GorkyZ the Trooper (level 3, -4/29 HPs)
             Began as a Demonspawn Fighter on Nov 19, 2022.
             Slain by an orc
             ... wielding a +2 flail of venom
              (9 damage)
             ... on level 2 of the Dungeon.
             The game lasted 00:02:49 (1430 turns).

GorkyZ the Trooper (Demonspawn Fighter)             Turns: 1430, Time: 00:02:52

Health: -4/29      AC: 12    Str: 18    XL:     3   Next: 28%
Magic:  3/3        EV:  9    Int:  9    God:
Gold:   93         SH:  4    Dex: 12    Spells: 2/2 levels left

rFire   . . .      SeeInvis .   a - +0 flail
rCold   . . .      Faith    .   c - +0 buckler
rNeg    . . .      Spirit   .   b - +0 scale mail
rPois   .          Reflect  .   (no helmet)
rElec   .          Harm     .   (no cloak)
rCorr   .          Rampage  .   (no gloves)
Will    .....                   (no boots)
Stlth   ..........              (no amulet)
HPRegen 0.09/turn               (no ring)
MPRegen 0.08/turn               (no ring)

@: lethally poisoned (-4 -> -21), sanguine armoured
A: powered by death 1, sanguine armour 1
a: no special abilities


You were on level 2 of the Dungeon.
You visited 1 branch of the dungeon, and saw 2 of its levels.

You collected 93 gold pieces.

Inventory:

Hand Weapons
 a - a +0 flail (weapon)
Armour
 b - a +0 scale mail (worn)
 c - a +0 buckler (worn)
Scrolls
 e - a scroll of identify
Potions
 d - 2 potions of might
 f - 2 potions of heal wounds
 g - a potion of curing


   Skills:
 + Level 3.4 Fighting
 + Level 2.3 Maces & Flails
 + Level 3.0 Armour
 + Level 3.0 Shields


You had 2 spell levels left.
You didn't know any spells.
Your spell library contained the following spells:

 Spells                   Type           Power      Damage    Failure   Level
 Ozocubu's Armour         Ice            0%         N/A       99%         3
 Metabolic Englaciation   Hex/Ice        0%         N/A       100%        5
 Simulacrum               Ice/Necr       0%         N/A       100%        6


Dungeon Overview and Level Annotations

Branches:
Dungeon (2/15)

Altars:


Innate Abilities, Weirdness & Mutations

You regenerate a little health from kills.
When seriously injured, your blood forms armour. (AC +6)


Message History

You miss something. The quokka bites you. You block the orc's attack.
Something hits you but does no damage.
Your rat bites the orc wizard.
The orc wizard barely misses you.
The quokka bites you but does no damage.
You miss something.
Your dart slug launches a dart at the orc wizard.
The slug dart hits the orc wizard.
You block the quokka's attack. You block something's attack.
The orc barely misses you.
Your rat barely misses the orc wizard.
The orc wizard casts a spell at your dart slug.
The puff of flame hits your dart slug!
You closely miss something.
The quokka bites you but does no damage.
You block something's attack. The orc closely misses you.
Your rat barely misses the orc wizard.
The orc wizard hits your dart slug with a +0 dagger.
Your dart slug dies!
Your dart slug's corpse dissolves into shadows!
The quokka bites you but does no damage.
You barely miss something.
The orc hits you with a +2 flail of venom.
You are poisoned.
You hear some strange, mumbled words.
A puff of flame appears from out of thin air!
The puff of flame misses you. The orc wizard casts a spell at you.
The magic dart hits you!
Your blood congeals into armour.
Your rat closely misses the orc wizard.
The quokka bites you but does no damage.
The orc wizard closely misses you. The orc hits you but does no damage.
You are more poisoned.
Something hits you but does no damage.
Your rat closely misses the orc wizard.
The quokka barely misses you.
You sock something!
* * * LOW HITPOINT WARNING * * *
You feel extremely sick.
The quokka bites you but does no damage.
You block something's attack.
The orc hits you with a +2 flail of venom!
You die...

#.#.#######
#######..........
#.......#.#######
+.....†.+.......###
#.......#.#........
#.......#.#........
#.......#+#........
#..................
#r@r........#'##...
......o{o...........+...
..####.....##....#.##...
+$....+......†.....
#.....#####.#.####[
....... ..#.####.
###.#### ###.... .#
#.... ##...


You could see an orc wizard (ally target), an orc, a quokka and a friendly rat
(summoned).

Vanquished Creatures
  An adder (D:2)
  A ball python (D:1)
  An endoplasm (D:1)
  4 giant cockroaches (D:1)
  2 goblins
  4 hobgoblins (D:1)
  A quokka (D:1)
  4 bats
  4 frilled lizards
  A kobold (D:1)
  5 rats
28 creatures vanquished.

Vanquished Creatures (collateral kills)
  A quokka (D:2)
1 creature vanquished.

Grand Total: 29 creatures vanquished

Notes
Turn   | Place    | Note
-------+----------+-------------------------------------------
     0 | D:1      | GorkyZ the Demonspawn Fighter began the quest for the Orb.
     0 | D:1      | Reached XP level 1. HP: 18/18 MP: 1/1
   205 | D:1      | Gained mutation: You regenerate a little health from kills.
                  | [demonic ancestry]
   205 | D:1      | Reached XP level 2. HP: 18/24 MP: 2/2
  1282 | D:2      | Found a faded altar of an unknown god.
  1356 | D:2      | Gained mutation: When seriously injured, your blood forms
                  | armour. (AC +6) [demonic ancestry]
  1356 | D:2      | Reached XP level 3. HP: 28/29 MP: 3/3
  1430 | D:2      | Slain by an orc

Illustrated notes

Levels and vault maps discovered:
D:1:      nicolae_arrival_somewhat_less_tricky_arrival, layout_basic
D:2:      wad_lake_hut, layout_basic,
          hellmonk_ecumenical_altar_pennies_from_heaven, serial_bayou_lagoon_a

Skill      XL: |  1  2 |
---------------+-------+-----
Maces & Flails | 2 |  2.3
Armour         | 3 |  3.0
Shields        | 3 |  3.0
Fighting       | |  3.4

Action                   || total
-------------------------++-------
Melee: Flail             ||    79
  Use: Scroll            ||     2
       Potion            ||     1
Armor: Scale mail        ||    46
Dodge: Dodged            ||    38
Block: Buckler           ||    28
